 Dungeon Crawl Stone Soup version 0.27-a0-909-g0721f309d1 (webtiles) character file.

Game seed: 15951851209888887430

100 dmks the Firebug (level 4, 0/33 HPs)
             Began as a Draconian Fire Elementalist on Apr 8, 2021.
             Slain by a scorpion (5 damage)
             ... on level 3 of the Dungeon.
             The game lasted 00:07:51 (2992 turns).

dmks the Firebug (Draconian Fire Elementalist)      Turns: 2992, Time: 00:07:52

Health: 0/33       AC:  5    Str: 11    XL:     4   Next: 47%
Magic:  5/8        EV: 12    Int: 16    God:
Gold:   132        SH:  0    Dex: 11    Spells: 7/8 levels left

rFire    . . .     SeeInvis +   b - +1 dagger (venom)
rCold    . . .     Faith    .   (no shield)
rNeg     . . .     Spirit   .   (armour unavailable)
rPois    .         Reflect  .   (helmet restricted)
rElec    .         Harm     .   (no cloak)
rCorr    .         Rampage  .   (no gloves)
Will     .....                  (no boots)
Stlth    ++........             (no amulet)
HPRegen  0.11/turn              z - ring of see invisible
MPRegen  0.11/turn              (no ring)

@: brilliant
A: AC +5, unfitting armour, cold-blooded
a: no special abilities


You were on level 3 of the Dungeon.
You visited 1 branch of the dungeon, and saw 3 of its levels.

You collected 132 gold pieces.

Inventory:

Hand Weapons
 b - a +1 dagger of venom (weapon)
   (You took it off a kobold on level 1 of the Dungeon)
Missiles
 k - 3 atropa-tipped darts
Armour
 e - a +0 leather armour
   (You found it on level 1 of the Dungeon)
Jewellery
 c - a ring of flight
   (You found it on level 1 of the Dungeon)
 g - an amulet of faith {!P}
   (You found it on level 2 of the Dungeon)
 z - a ring of see invisible (left hand)
   (You found it on level 3 of the Dungeon)
Wands
 h - a wand of mindburst (14)
   (You found it on level 2 of the Dungeon)
Scrolls
 a - 3 scrolls of identify {@r1}
 f - a scroll of noise {!r}
 j - a scroll of fear {unknown}
Potions
 d - a potion of brilliance


   Skills:
 + Level 2.3 Dodging
 + Level 2.3 Stealth
 * Level 2.9 Spellcasting
 + Level 1.6 Conjurations
 * Level 3.8 Fire Magic


You had 7 spell levels left.
You knew the following spells:

 Your Spells              Type           Power      Damage    Failure   Level
a - Foxfire               Conj/Fire      64%        2x1d7     6%          1

Your spell library contained the following spells:

 Spells                   Type           Power      Damage    Failure   Level
 Magic Dart               Conj           44%        1d5       10%         1
 Conjure Flame            Conj/Fire      16%        6-21      19%         3
 Inner Flame              Hex/Fire       12%        N/A       26%         3
 Blink                    Tloc           N/A        N/A       28%         2
 Call Imp                 Summ           3%         N/A       28%         2
 Passwall                 Tmut/Erth      2%         N/A       28%         2
 Slow                     Hex            3%         N/A       28%         2
 Swiftness                Air            3%         N/A       28%         2
 Mephitic Cloud           Conj/Pois/Air  6%         N/A       41%         3
 Sticky Flame             Conj/Fire      16%        2d4       52%         4
 Fireball                 Conj/Fire      8%         3d6       86%         5
 Passage of Golubria      Tloc           N/A        N/A       88%         4
 Lee's Rapid Deconstruct  Erth           1%         3d5*      99%         5
 Invisibility             Hex            3%         N/A       100%        6


Dungeon Overview and Level Annotations

Branches:
Dungeon (3/15)

Altars:
Elyvilon

Shops:
D:3 [


Innate Abilities, Weirdness & Mutations

Your plain brown scales are hard. (AC +5)
You cannot fit into any form of body armour.
You are cold-blooded and may be slowed by cold attacks.


Message History

Found a scroll labelled HYICRI FUNE.
a - 4 scrolls labelled HYICRI FUNE (gained 1)
A dart slug comes into view.
A dart slug is nearby!
A dart slug is nearby!
You conjure some foxfire!
The foxfire hits the dart slug but does no damage.
You conjure some foxfire!
You conjure some foxfire!
The foxfire hits the dart slug.
The dart slug bites you but does no damage.
The foxfire hits the dart slug.
You conjure some foxfire!
The dart slug misses you.
The foxfire hits the dart slug.
You kill the dart slug!
You miscast Foxfire.
You are very lightly contaminated with residual magic.
Nothing appears to happen.
Your magical contamination has completely faded away.
You see here a dart slug corpse.
Found a stone staircase leading down.
Found a war axe.
Found an escape hatch in the ceiling.
A scorpion comes into view.
A scorpion is nearby!
A scorpion is nearby!
You conjure some foxfire!
The foxfire hits the scorpion but does no damage.
You conjure some foxfire!
The foxfire hits the scorpion but does no damage.
The scorpion completely misses you.
You conjure some foxfire!
The scorpion stings you.
You are poisoned.
The scorpion poisons you!
You feel very sick. The scorpion stings you.
You feel sick.
You conjure some foxfire!
You feel sick. The scorpion misses you.
You feel sick. The scorpion stings you!
* * * LOW HITPOINT WARNING * * *
It was a potion of brilliance.
You feel clever all of a sudden.
* * * LOW HITPOINT WARNING * * *
You feel sick. The scorpion barely misses you. The scorpion closely misses you.
It was a potion of curing.
You feel better. The scorpion stings you.
* * * LOW HITPOINT WARNING * * *
As you read the scroll labelled HYICRI FUNE, it crumbles to dust.
It is a scroll of identify.
f - a scroll of noise The scorpion stings you.
You die...

#########
#........#....
###..##..#.#....
#........#.#.#.#
#....###.# #.#.#
#.....##.# #.#.#
#### #..)..##.#
#.#.. #...
#..#####.# #####
#...#######.##
.. #.<.....s@v.#
.# ###.#########
#ยง #s #. #. #.
#.


You could see a scorpion (ally target).

Vanquished Creatures
  3 adders
  A worm (D:2)
  A dart slug (D:3)
  5 orcs (D:3)
  5 ball pythons
  2 bats
  7 endoplasms
  4 giant cockroaches
  A goblin (D:3)
  3 hobgoblins (D:1)
  6 jackals
  6 quokkas
  2 frilled lizards
  5 kobolds
  5 rats
56 creatures vanquished.

Vanquished Creatures (others)
  128 foxfires
128 creatures vanquished.

Grand Total: 184 creatures vanquished

Notes
Turn   | Place    | Note
-------+----------+-------------------------------------------
     0 | D:1      | dmks the Draconian Fire Elementalist began the quest for
                  | the Orb.
     0 | D:1      | Reached XP level 1. HP: 14/14 MP: 3/3
   265 | D:1      | Reached XP level 2. HP: 3/20 MP: 3/5
  1511 | D:1      | Reached XP level 3. HP: 26/26 MP: 4/6
  1872 | D:2      | Reached XP level 4. HP: 8/33 MP: 0/8
  2512 | D:3      | Found Feyvaevvo's Armour Shop.
  2790 | D:3      | Found a white marble altar of Elyvilon.
  2976 | D:3      | Noticed a scorpion
  2992 | D:3      | Slain by a scorpion

Illustrated notes

Levels and vault maps discovered:
D:1:      dpeg_arrival_rooms_a, layout_rooms
D:2:      layout_rooms, amcnicky_mini_pool_small, st_stairs_8,
          serial_park_tiny_pond, minmay_misc_feat_diagonals,
          amcnicky_mini_corridor_feature
D:3:      layout_basic, overflow_temple_1_default,
          nicolae_overflow_crystal_walls, serial_shops, nicolae_shop_crystal,
          uniq_natasha, uniq_crazy_yiuf_cottage, uniq_terence

Skill      XL: |  1  2 |
---------------+-------+-----
Stealth        | 2 |  2.3
Dodging        | 2 |  2.3
Spellcasting   | |  2.9
Conjurations   | |  1.6
Fire Magic     | |  3.8

Action                   |  1- 3 |  4- 6 || total
-------------------------+-------+-------++-------
Melee: Unarmed           |    15 |       ||    15
       Dagger            |    27 |     1 ||    28
       Tailslap          |     2 |       ||     2
 Cast: Foxfire           |    52 |    32 ||    84
  Use: Potion            |     1 |     2 ||     3
       Scroll            |       |     1 ||     1
Armor: Skin              |    39 |     2 ||    41
Dodge: Dodged            |    70 |    12 ||    82

Table legend: (Time is in decaauts)
 A = Elapsed time spent in this place.
 B = Non-inter-level travel time spent in this place.
 C = Inter-level travel time spent in this place.
 D = Time resting spent in this place.
 E = Time spent auto-exploring this place.
 F = Levels seen in this place.
 G = Mean time per level.
                   A        B        C        D        E       F      G
               +--------+--------+--------+--------+--------+-----+--------+
         Total |   2996 |   2927 |     69 |    822 |   1635 |   3 |  998.7 |
       Dungeon |   2996 |   2927 |     69 |    822 |   1635 |   3 |  998.7 |
               +--------+--------+--------+--------+--------+-----+--------+

Top non-repeatable levels by time:
     D:1: 1541 daAuts
     D:2: 940 daAuts
     D:3: 514 daAuts
